 Dungeon Crawl Stone Soup version 0.16-a0-2461-ge8ce426 (webtiles) character file.

1145 PolkaDot the Caller (level 8, -1/61 HPs)
             Began as a Vampire Summoner on Nov 19, 2014.
             Was a Follower of Sif Muna.
             Succumbed to a killer bee's poison
             ... on level 6 of the Dungeon.
             The game lasted 00:20:31 (5768 turns).

PolkaDot the Caller (Vampire Summoner)              Turns: 5768, Time: 00:20:31

Health: -1/61      AC:  6    Str:  7    XL:     8   Next: 15%
Magic:  3/13       EV: 10    Int: 19    God:    Sif Muna [*.....]
Gold:   241        SH:  0    Dex: 14    Spells: 3 memorised, 5 levels left

rFire  . . .     SeeInvis +     i - +0 spear
rCold  + + .     Clarity  .     h - +0 leather armour {rN+}
rNeg   + . .     SustAb   .     (no shield)
rPois  .         Gourm    .     (no helmet)
rElec  .         Spirit   .     o - +0 cloak
rCorr  .         Warding  .     n - +0 pair of gloves (curse)
rMut   .         Stasis   .     (no boots)
MR     .....                    (no amulet)
Stlth  ++........               (no ring)
                                s - ring of protection from cold

@: lethally poisoned, regenerating very quickly, not resistant to hostile
enchantments, unstealthy
A: bottle blood, fangs 3, see invisible, cold resistance 1, unbreathing
a: Channel Energy, Renounce Religion


You were on level 6 of the Dungeon.
You worshipped Sif Muna.
Sif Muna was aware of your devotion.
You were almost alive.

You visited 2 branches of the dungeon, and saw 7 of its levels.

You collected 241 gold pieces.

Inventory:

Hand weapons
 i - a +0 spear (weapon)
Missiles
 a - 2 throwing nets (quivered)
Armour
 h - a +0 leather armour of positive energy (worn)
 n - a cursed +0 pair of gloves (worn)
 o - a +0 cloak (worn)
Jewellery
 s - a ring of protection from cold (left hand)
Scrolls
 d - a scroll of remove curse {unknown}
 e - a scroll of teleportation
 g - a scroll of fog {unknown}
 j - a scroll of blinking {unknown}
 l - 3 scrolls of identify {unknown}
 m - a scroll of random uselessness {unknown}
 r - 2 scrolls of fear {unknown}
Potions
 c - 2 potions of blood {@*1}
Books
 b - a book of Callings

   Spells                             Type                      Level
   *Summon Small Mammal               Summoning                    1
   *Call Imp                          Summoning                    2
   *Call Canine Familiar              Summoning                    3
   Summon Guardian Golem              Hexes/Summoning              4
   Summon Lightning Spire             Summoning/Air                4
   Summon Ice Beast                   Ice/Summoning                4


   Skills:
 - Level 4.3 Fighting
 - Level 4.5 Armour
 - Level 2.1 Dodging
 - Level 3.0 Stealth
 - Level 2.0 Spellcasting
 * Level 7.2 Summonings


You had 5 spell levels left.
You knew the following spells:

 Your Spells              Type           Power        Failure   Level  Hunger
a - Summon Small Mammal   Summ           ####         1%          1    #......
d - Call Canine Familiar  Summ           ####....     2%          3    ###....
s - Call Imp              Summ           ####....     1%          2    ###....


Dungeon Overview and Level Annotations

Branches:
Dungeon (6/15)             Temple (1/1) D:6

Altars:
Ashenzari
Cheibriados
Dithmenos
Elyvilon
Fedhas
Gozag
Kikubaaqudgha
Makhleb
Nemelex Xobeh
Okawaru
Qazlal
Ru
Sif Muna
Trog
Vehumet
Xom
Yredelemnul
Zin
The Shining One


Innate Abilities, Weirdness & Mutations

Your natural rate of healing is extremely fast.
You can bottle blood from corpses.
You have razor-sharp teeth.
You have supernaturally acute eyesight.
You can survive without breathing.
Your flesh is cold resistant.


Message History

Drink which item? (? for menu, Esc to quit)
That liquid tasted very nasty...
You are more poisoned.
It was a potion of poison.
You feel sick.
Your hound dies!
Your hound's corpse disappears in a puff of smoke!
The killer bee stings you but does no damage.
The killer bee stings you!
* * * LOW HITPOINT WARNING * * *
You are lethally poisoned!
The killer bee poisons you! The killer bee stings you.
* * * LOW HITPOINT WARNING * * *
You are more poisoned.
The killer bee poisons you! The killer bee closely misses you.
Drink which item? (? for menu, Esc to quit)
You feel resistant to cold.
You feel fantastic!
It was a potion of beneficial mutation.
Your surroundings suddenly seem different.
* * * LOW HITPOINT WARNING * * *
You feel sick.
You die...

###)...#.# #.# #
#.)..#.# #.# #
#.####.# #.# #
#.# #.# #.# # #.#
#.# #.# ###.#
#.##### #.# ##..#
#.#...# #.# ##.##
#.#.#)#########.#
#..#
#...#....@......#
#.##
#################
..# .## .# ## # #
#


There were no monsters in sight!

Vanquished Creatures
  A phantom (D:6)
  A sky beast (D:6)
  3 orc wizards
  A gnoll (D:6)
  An adder (D:2)
  3 giant geckos
  An ooze (D:1)
  7 orcs
  A ball python (D:3)
  10 bats
  5 giant cockroaches
  3 hobgoblins
  A quokka (D:6)
  4 goblins
  5 kobolds
  18 rats
65 creatures vanquished.

Vanquished Creatures (collateral kills)
  Pikel (D:6)
  Edmund (D:6)
  An orc warrior (D:6)
  A phantom (D:6)
  An ogre (D:6)
  4 slaves
  2 giant frogs
  A centaur (D:6)
  A killer bee (D:6)
  A crimson imp (D:6)
  A goliath beetle (D:6)
  3 orc wizards (D:5)
  2 hounds (D:6)
  Natasha (thrice) (D:6)
  An iguana (D:6)
  A mummy (D:6)
  3 gnolls (D:6)
  An adder (D:3)
  A worm (D:3)
  A giant gecko (D:2)
  4 orcs
  10 hobgoblins
  4 kobolds
  2 quokkas
  3 bats
54 creatures vanquished.

Vanquished Creatures (others)
  2 crimson imps (D:6)
  10 hounds
  3 iron imps (D:6)
  6 white imps (D:6)
  3 shadow imps (D:6)
  A quokka (D:6)
  4 rats (D:6)
29 creatures vanquished.

Grand Total: 148 creatures vanquished

Notes
Turn   | Place    | Note
--------------------------------------------------------------
     0 | D:1      | PolkaDot, the Vampire Summoner, began the quest for the Orb.
     0 | D:1      | Reached XP level 1. HP: 13/13 MP: 3/3
   290 | D:1      | Reached skill level 1 in Fighting
   462 | D:1      | Reached XP level 2. HP: 12/21 MP: 4/4
   812 | D:1      | Learned a level 2 spell: Call Imp
  1629 | D:2      | Reached XP level 3. HP: 23/28 MP: 6/6
  2149 | D:2      | Learned a level 3 spell: Call Canine Familiar
  2244 | D:3      | Reached skill level 1 in Armour
  2747 | D:3      | Reached XP level 4. HP: 31/34 MP: 7/7
  3186 | D:5      | Entered Level 5 of the Dungeon
  3375 | D:5      | Reached XP level 5. HP: 15/41 MP: 0/9
  3394 | D:5      | Found a sparkling altar of Nemelex Xobeh.
  3404 | D:5      | Found a blossoming altar of Fedhas.
  3404 | D:5      | Found a white marble altar of Elyvilon.
  3404 | D:5      | Found an ancient bone altar of Kikubaaqudgha.
  3405 | D:5      | Found a burning altar of Makhleb.
  3406 | D:5      | Found a bloodstained altar of Trog.
  3409 | D:5      | Found a shadowy altar of Dithmenos.
  3410 | D:5      | Found a snail-covered altar of Cheibriados.
  3495 | D:6      | Noticed Natasha
  3495 | D:6      | Noticed a slave
  3498 | D:6      | Noticed Pikel
  3508 | D:6      | Noticed a slave
  3513 | D:6      | Noticed a slave
  3515 | D:6      | Noticed a slave
  3677 | D:5      | Killed a slave
  3867 | D:5      | Killed a slave
  4000 | D:5      | Killed a slave
  4163 | D:6      | Killed Natasha
  4171 | D:6      | Killed a slave
  4184 | D:6      | Noticed an ogre
  4194 | D:6      | Killed Pikel
  4194 | D:6      | Reached XP level 6. HP: 26/48 MP: 1/10
  4199 | D:6      | Killed an ogre
  4199 | D:6      | Reached XP level 7. HP: 31/55 MP: 2/12
  4290 | D:6      | Found a staircase to the Ecumenical Temple.
  4300 | Temple   | Entered the Ecumenical Temple
  4518 | Temple   | Became a worshipper of Sif Muna the Loreminder
  4666 | D:6      | Noticed a sky beast
  4684 | D:6      | Killed a sky beast
  5069 | D:6      | Reached skill level 5 in Summonings
  5108 | D:6      | Noticed Natasha
  5112 | D:6      | Killed Natasha
  5129 | D:6      | Noticed an orc warrior
  5158 | D:6      | Killed an orc warrior
  5264 | D:6      | Noticed Natasha
  5268 | D:6      | Killed Natasha
  5323 | D:6      | Noticed Edmund
  5324 | D:6      | Noticed a centaur
  5330 | D:6      | Killed a centaur
  5399 | D:6      | Killed Edmund
  5399 | D:6      | Acquired Sif Muna's first power
  5399 | D:6      | Reached skill level 6 in Summonings
  5544 | D:6      | Noticed a phantom
  5574 | D:6      | Noticed a phantom
  5580 | D:6      | Killed a phantom
  5580 | D:6      | Reached XP level 8. HP: 46/61 MP: 13/13
  5609 | D:6      | Killed a phantom
  5642 | D:6      | Reached skill level 7 in Summonings
  5766 | D:6      | HP: 2/61 [killer bee (4)]
  5767 | D:6      | Gained mutation: Your flesh is cold resistant. [potion of beneficial mutation]
  5768 | D:6      | Succumbed to a killer bee's poison

Action                   |  1- 3 |  4- 6 |  7- 9 || total
-------------------------+-------+-------+-------++-------
Melee: Unarmed           |   189 |       |       ||   189
       Spear             |    65 |   104 |   197 ||   366
 Cast: Summon Small Mamm |    20 |     1 |    10 ||    31
       Call Imp          |     5 |    23 |    27 ||    55
       Call Canine Famil |     3 |    12 |    12 ||    27
Invok: Channel Energy    |       |       |     2 ||     2
  Use: Potion            |     1 |     6 |     9 ||    16
       Scroll            |       |     3 |     1 ||     4
 Stab: Sleeping          |     9 |     1 |     1 ||    11
       Distracted        |     1 |     3 |     5 ||     9
  Eat: Corpse            |    18 |    12 |     9 ||    39
